[ AOE2 MATCH · #506680991 ]
UnrankedArmenians vs Bohemians
Player's team · WIN
Rival team · LOSS
[ REPLAY ANALYSIS · EXTRACTED FROM THE RECORDED GAME ]
Feudal
10:31
Castle
—
Imperial
—
| APM avg | 142.3 |
| APM peak | 245 |
| eAPM avg | 80.9 |
| Villagers / military | 37 / 17 |
Focus
⚔️ 76.8% · 🌾 23.2%
Skirmisher ×10 · Militia ×3 · Spearman ×3 · Archer ×1
Feudal
9:32
Castle
—
Imperial
—
| APM avg | 65.2 |
| APM peak | 111 |
| eAPM avg | 34.7 |
| Villagers / military | 41 / 16 |
Focus
⚔️ 58.2% · 🌾 41.8%
Archer ×14 · Scout Cavalry ×2
Match map
Initial resources + every placement click. Lines = walls · curves = elevation contours. ◆ gold · ⬟ stone · ● berries · ✦ relic · ◌ wall gap
Your base· Open — 1t gap
RaiD's base· Open — unwalled flank
Smoothed initial terrain · ◌ = detected wall gap · hover for details
Inputs per minute
— DS_StonePleaseAoE - - RaiD
Build order — DS_StonePleaseAoE
110 actions detected in the replay
| 0:01 | Queue | Villager (Male) |
| 0:01 | Queue | Villager (Male) |
| 0:02 | Queue | Villager (Male) |
| 0:02 | Queue | Villager (Male) |
| 0:03 | Build | House |
| 0:06 | Build | House |
| 1:30 | Queue | Villager (Male) |
| 1:34 | Build | House |
| 1:51 | Queue | Villager (Male) |
| 2:28 | Queue | Villager (Male) |
| 2:43 | Queue | Villager (Male) |
| 2:53 | Build | Barracks |
| 2:59 | Queue | Villager (Male) |
| 3:14 | Build | House |
| 3:38 | Queue | Villager (Male) |
| 3:38 | Queue | Villager (Male) |
| 3:51 | Queue | Militia |
| 4:03 | Queue | Villager (Male) |
| 4:21 | Build | House |
| 4:26 | Queue | Militia |
| 4:33 | Queue | Villager (Male) |
| 4:50 | Queue | Militia |
| 4:57 | Queue | Villager (Male) |
| 5:21 | Queue | Villager (Male) |
| 5:28 | Queue | Villager (Male) |
| 6:10 | Queue | Villager (Male) |
| 6:24 | Queue | Villager (Male) |
| 6:43 | Queue | Villager (Male) |
| 7:17 | Build | Mule Cart |
| 7:23 | Queue | Villager (Male) |
| 7:35 | Research | Loom |
| 8:15 | Research | Feudal Age |
| 8:49 | Build | Mule Cart |
| 8:53 | Build | Mule Cart |
| 9:24 | Build | Mill |
| 9:36 | Queue | Villager (Male) |
| 10:08 | Build | House |
| 10:31 | Age | Feudal Age |
| 10:35 | Build | Archery Range |
| 10:38 | Research | Double-Bit Axe |
| 10:40 | Build | House |
| 10:44 | Queue | Villager (Male) |
| 10:48 | Queue | Spearman |
| 10:58 | Build | Palisade Wall |
| 11:04 | Build | Palisade Wall |
| 11:09 | Build | Palisade Wall |
| 11:16 | Queue | Villager (Male) |
| 11:17 | Build | Farm |
| 11:18 | Build | Farm |
| 11:19 | Build | Farm |
| 11:26 | Build | Palisade Wall |
| 11:26 | Queue | Skirmisher |
| 11:36 | Build | Farm |
| 11:37 | Queue | Villager (Male) |
| 11:50 | Build | House |
| 11:53 | Build | Palisade Wall |
| 12:01 | Build | Farm |
| 12:08 | Queue | Villager (Male) |
| 12:17 | Build | Farm |
| 12:40 | Queue | Villager (Male) |
| 12:50 | Queue | Skirmisher |
| 12:51 | Queue | Villager (Male) |
| 12:52 | Build | Farm |
| 12:53 | Build | Farm |
| 13:04 | Build | Farm |
| 13:09 | Research | Horse Collar |
| 13:13 | Queue | Skirmisher |
| 13:20 | Queue | Villager (Male) |
| 13:30 | Build | Farm |
| 13:34 | Queue | Skirmisher |
| 13:40 | Build | Palisade Wall |
| 13:44 | Build | Palisade Wall |
| 13:44 | Build | Palisade Wall |
| 13:49 | Build | Farm |
| 13:52 | Queue | Villager (Male) |
| 13:53 | Queue | Skirmisher |
| 14:05 | Build | Farm |
| 14:07 | Queue | Villager (Male) |
| 14:08 | Queue | Skirmisher |
| 14:12 | Build | House |
| 14:39 | Build | Blacksmith |
| 14:42 | Queue | Villager (Male) |
| 14:45 | Build | House |
| 14:53 | Queue | Villager (Male) |
| 15:00 | Queue | Skirmisher |
| 15:01 | Research | Wheelbarrow |
| 15:22 | Build | Farm |
| 15:24 | Build | Farm |
| 15:32 | Build | Farm |
| 15:49 | Queue | Skirmisher |
| 15:51 | Queue | Villager (Male) |
| 15:53 | Research | Padded Archer Armor |
| 16:05 | Queue | Skirmisher |
| 16:12 | Queue | Spearman |
| 16:13 | Queue | Villager (Male) |
| 16:21 | Build | Watch Tower |
| 16:34 | Build | House |
| 16:36 | Build | House |
| 16:42 | Queue | Skirmisher |
| 16:43 | Queue | Spearman |
| 16:53 | Queue | Villager (Male) |
| 17:05 | Build | Palisade Wall |
| 17:17 | Queue | Villager (Male) |
| 17:48 | Build | Farm |
| 18:06 | Build | Palisade Wall |
| 18:11 | Queue | Villager (Male) |
| 18:13 | Build | House |
| 18:14 | Research | Castle Age |
| 18:31 | Queue | Archer |
| 18:36 | Research | Scale Mail Armor |
Build order — RaiD
110 actions detected in the replay
| 0:01 | Queue | Villager (Male) ×4 |
| 0:02 | Build | House |
| 0:05 | Build | House |
| 1:25 | Queue | Villager (Male) |
| 1:25 | Queue | Villager (Male) |
| 2:00 | Queue | Villager (Male) |
| 2:01 | Queue | Villager (Male) |
| 2:02 | Build | Lumber Camp |
| 2:16 | Queue | Villager (Male) |
| 2:16 | Queue | Villager (Male) |
| 2:43 | Queue | Villager (Male) |
| 2:43 | Queue | Villager (Male) |
| 3:05 | Queue | Villager (Male) |
| 3:25 | Build | House |
| 3:44 | Queue | Villager (Male) |
| 3:45 | Queue | Villager (Male) |
| 4:19 | Queue | Villager (Male) |
| 4:32 | Build | Mill |
| 4:36 | Queue | Villager (Male) |
| 5:06 | Queue | Villager (Male) |
| 5:33 | Build | Palisade Wall |
| 5:36 | Research | Loom |
| 5:47 | Queue | Villager (Male) |
| 6:14 | Build | Palisade Wall |
| 6:17 | Build | Palisade Wall |
| 6:19 | Build | Palisade Wall |
| 6:21 | Build | Palisade Wall |
| 6:28 | Queue | Villager (Male) |
| 7:22 | Research | Feudal Age |
| 7:48 | Build | Mining Camp |
| 8:20 | Build | Palisade Gate |
| 8:40 | Queue | Villager (Male) |
| 8:56 | Build | Barracks |
| 9:08 | Build | Palisade Wall |
| 9:12 | Build | Palisade Wall |
| 9:22 | Queue | Villager (Male) |
| 9:24 | Build | Palisade Wall |
| 9:26 | Build | Palisade Wall |
| 9:32 | Age | Feudal Age |
| 9:59 | Research | Double-Bit Axe |
| 10:00 | Queue | Villager (Male) |
| 10:12 | Build | Archery Range |
| 10:27 | Build | House |
| 10:30 | Research | Town Watch |
| 10:43 | Build | House |
| 10:45 | Build | House |
| 10:50 | Queue | Archer |
| 10:52 | Queue | Villager (Male) |
| 11:05 | Queue | Archer |
| 11:06 | Queue | Villager (Male) |
| 11:15 | Build | Mill |
| 11:34 | Queue | Archer |
| 11:47 | Queue | Archer |
| 11:50 | Queue | Villager (Male) |
| 11:50 | Queue | Villager (Male) |
| 11:52 | Build | Palisade Wall |
| 12:18 | Build | Palisade Wall |
| 12:20 | Build | Palisade Wall |
| 12:20 | Queue | Villager (Male) |
| 12:51 | Queue | Villager (Male) |
| 12:53 | Queue | Archer |
| 12:57 | Build | Blacksmith |
| 13:03 | Build | Palisade Wall |
| 13:05 | Queue | Villager (Male) |
| 13:08 | Build | Farm |
| 13:08 | Build | Farm |
| 13:11 | Build | Farm |
| 13:19 | Queue | Archer |
| 13:31 | Build | House |
| 13:41 | Build | Farm |
| 13:43 | Build | Farm |
| 13:44 | Queue | Villager (Male) |
| 13:57 | Queue | Archer |
| 13:59 | Build | Farm |
| 14:02 | Build | Palisade Wall |
| 14:10 | Queue | Villager (Male) |
| 14:28 | Queue | Villager (Male) |
| 14:47 | Research | Fletching |
| 14:47 | Research | Fletching |
| 14:47 | Research | Fletching |
| 14:53 | Queue | Archer |
| 14:59 | Build | Stable |
| 15:07 | Queue | Villager (Male) |
| 15:13 | Build | Palisade Wall |
| 15:20 | Queue | Archer |
| 15:28 | Queue | Villager (Male) |
| 15:35 | Build | Farm |
| 15:47 | Queue | Scout Cavalry |
| 15:57 | Build | House |
| 16:02 | Queue | Villager (Male) |
| 16:09 | Build | House |
| 16:16 | Build | Farm |
| 16:20 | Queue | Archer |
| 16:33 | Queue | Villager (Male) |
| 16:36 | Queue | Archer |
| 16:41 | Build | Farm |
| 16:41 | Build | Farm |
| 17:04 | Build | Farm |
| 17:06 | Queue | Archer |
| 17:08 | Queue | Scout Cavalry |
| 17:24 | Queue | Villager (Male) |
| 17:27 | Build | Farm |
| 17:34 | Queue | Villager (Male) |
| 17:50 | Build | Farm |
| 17:51 | Build | Farm |
| 17:52 | Queue | Archer |
| 18:08 | Queue | Archer |
| 18:09 | Queue | Villager (Male) |
| 18:21 | Queue | Villager (Male) |
| 18:25 | Build | Palisade Wall |
Match timeline
| 2:53 | DS_StonePleaseAoE · first_building Barracks |
| 5:33 | RaiD · wall_segment Palisade Wall x1 |
| 6:14 | RaiD · wall_segment Palisade Wall x1 |
| 6:17 | RaiD · wall_segment Palisade Wall x1 |
| 6:19 | RaiD · wall_segment Palisade Wall x1 |
| 6:21 | RaiD · wall_segment Palisade Wall x1 |
| 8:56 | RaiD · first_building Barracks |
| 9:08 | RaiD · wall_segment Palisade Wall x1 |
| 9:12 | RaiD · wall_segment Palisade Wall x1 |
| 9:24 | RaiD · wall_segment Palisade Wall x1 |
| 9:26 | RaiD · wall_segment Palisade Wall x1 |
| 9:32 | RaiD · age_up feudal |
| 10:12 | RaiD · first_building Archery Range |
| 10:31 | DS_StonePleaseAoE · age_up feudal |
| 10:35 | DS_StonePleaseAoE · first_building Archery Range |
| 10:58 | DS_StonePleaseAoE · wall_segment Palisade Wall x8 |
| 11:04 | DS_StonePleaseAoE · wall_segment Palisade Wall x8 |
| 11:09 | DS_StonePleaseAoE · wall_segment Palisade Wall x3 |
| 11:26 | DS_StonePleaseAoE · wall_segment Palisade Wall x5 |
| 11:52 | RaiD · wall_segment Palisade Wall x1 |
| 11:53 | DS_StonePleaseAoE · wall_segment Palisade Wall x7 |
| 12:18 | RaiD · wall_segment Palisade Wall x5 |
| 12:20 | RaiD · wall_segment Palisade Wall x6 |
| 13:03 | RaiD · wall_segment Palisade Wall x2 |
| 13:40 | DS_StonePleaseAoE · wall_segment Palisade Wall x1 |
| 13:44 | DS_StonePleaseAoE · wall_segment Palisade Wall x1 |
| 13:44 | DS_StonePleaseAoE · wall_segment Palisade Wall x1 |
| 14:02 | RaiD · wall_segment Palisade Wall x1 |
| 14:59 | RaiD · first_building Stable |
| 15:13 | RaiD · wall_segment Palisade Wall x20 |
| 17:05 | DS_StonePleaseAoE · wall_segment Palisade Wall x1 |
| 18:06 | DS_StonePleaseAoE · wall_segment Palisade Wall x1 |
| 18:25 | RaiD · wall_segment Palisade Wall x9 |
| 19:04 | RaiD · resign |
[ AI ANALYSIS · 1 CREDIT ]
What really happened in this match?
Wolo.gg analyzes every decision: build order, eco, micro, common mistakes by bracket. Personalized analysis on WhatsApp or Discord in 30 seconds.
Civ guide
Armenians
Perfil
Jugador #339835